 Dungeon Crawl Stone Soup version 0.31.0-9-g3a7656b989 (webtiles) character file.

Game seed: 639509737397539977

53 qw the Shooter (level 3, -3/20 HPs)
             Began as a Deep Elf Hunter on Feb 2, 2024.
             Slain by Terence
             ... wielding a +0 mace
              (7 damage)
             ... on level 2 of the Dungeon.
             The game lasted 00:00:02 (811 turns).

qw the Shooter (Deep Elf Hunter)                     Turns: 811, Time: 00:00:03

Health: -3/20      AC:  3    Str: 10    XL:     3   Next: 64%
Magic:  5/5        EV: 12    Int: 13    God:
Gold:   21         SH:  0    Dex: 18    Spells: 2/2 levels left

rFire   . . .        a - +0 shortbow
rCold   + . .        (shield currently unavailable)
rNeg    . . .        c - +0 leather armour
rPois   .            (no helmet)
rElec   .            (no cloak)
rCorr   .            (no gloves)
SInv    .            (no boots)
Will    .....        (no amulet)
Stlth   ++           e - ring of protection from cold
HPRegen 0.23/turn    (no ring)
MPRegen 0.09/turn

%: no passive effects
@: no status effects
A: no striking features
a: no special abilities


You were on level 2 of the Dungeon.
You visited 1 branch of the dungeon, and saw 2 of its levels.

You collected 21 gold pieces.


   Skills:
 - Level 1.5 Fighting
 + Level 7.1 Ranged Weapons
 - Level 2.4 Dodging
 - Level 1.2 Stealth


You had 2 spell levels left.
You didn't know any spells.
Your spell library was empty.

Inventory:

Hand Weapons
 a - a +0 shortbow (weapon)
Armour
 c - a +0 leather armour (worn)
Jewellery
 e - a ring of protection from cold (left hand)

Dungeon Overview and Level Annotations

Branches:
Dungeon (2/15)

Altars:

Annotations:
D:2 Terence


Message History

You have reached level 3!
Your experience leads to an increase in your attributes!
Increase (S)trength, (I)ntelligence, or (D)exterity?
You feel stronger. x2
You see here a +0 short sword.
You see here a +0 short sword.
There is a stone staircase leading down here.
You now have 21 gold pieces (gained 11).
Found a stone staircase leading up.
Terence the Incautious comes into view.
He is wielding a +0 mace and wearing a +3 scale mail of willpower.
Terence shouts!
You shoot an arrow. The arrow barely misses Terence.
You hear an angry hiss.
Natasha, Servant of Life and Death comes into view.
An endoplasm comes into view.
You shoot an arrow. The arrow closely misses Natasha.
You shoot an arrow. The arrow hits Natasha.
Natasha is lightly wounded.
Natasha stares at you and mumbles some strange words.
The magic dart hits you.
You shoot an arrow. The arrow hits Natasha!
Natasha is severely wounded.
A bat comes into view.
Natasha closely misses you.
You shoot an arrow. The arrow hits Natasha.
Natasha is almost dead.
Natasha misses you.
You shoot an arrow. The arrow hits Natasha.
You kill Natasha!
Natasha screams in fury as she dies!
Terence hits you with a +0 mace. The bat hits you.
Terence hits you with a +0 mace!
Your Ranged Weapons skill increases to level 7!
You shoot an arrow. The arrow hits Terence.
Terence is lightly wounded.
The bat hits you but does no damage. Terence misses you.
You shoot an arrow. The arrow closely misses Terence.
The bat misses you. Terence hits you with a +0 mace!
You die...
Terence says, "That felt goooood."

...## ... ..>.. ## ..#
##.#..# #. #.# #..#..#
#. #.# #.# #.## #.
#.###.# #..< #.
#.##..####).
######.######.#.....>.(.
.!...bJ@.........######.
.###..@..####.#### ##
#....### #.# .<....# #.#
...... #.# ...... #.#
..... #.# ..... #.# #.#


You could see Terence, an endoplasm and a bat.

Vanquished Creatures
  Natasha (D:2)
  4 bats (D:1)
  5 endoplasms
  4 giant cockroaches (D:1)
  2 hobgoblins (D:1)
  2 quokkas (D:1)
  3 ball pythons (D:1)
  2 frilled lizards (D:1)
  2 kobolds
  2 rats (D:1)
27 creatures vanquished.

Notes
Turn   | Place    | Note
-------+----------+-------------------------------------------
     0 | D:1      | qw the Deep Elf Hunter began the quest for the Orb.
     0 | D:1      | Reached XP level 1. HP: 12/12 MP: 3/3
     0 | D:1      | 0 ||| qw: Version: 0.3-a-155-g5e7d8dd
     0 | D:1      | 0 ||| qw: Game counter: 1295
     0 | D:1      | 0 ||| qw: Melee chars always use a shield: true
     0 | D:1      | 0 ||| qw: God list: Okawaru
     0 | D:1      | 0 ||| qw: Allow faded altars: false
     0 | D:1      | 0 ||| qw: Do Orc after clearing Dungeon:15 true
     0 | D:1      | 0 ||| qw: Do second Lair branch before Depths: true
     0 | D:1      | 0 ||| qw: Lair rune preference: random
     0 | D:1      | 0 ||| qw: Goals: Normal
     0 | D:1      | 0 ||| PLANNING D:1-11
   104 | D:1      | Reached XP level 2. HP: 16/16 MP: 4/4
   109 | D:1      | Reached skill level 6 in Ranged Weapons
   676 | D:1      | 676 ||| UPGRADING to ring of protection from cold.
   677 | D:1      | 677 ||| READING 2 scrolls labelled KYN WIAPNIE.
   678 | D:1      | 678 ||| READING scroll labelled ZYRONU CIMP.
   679 | D:1      | 679 ||| READING scroll labelled SIV JINAIM ZIOLIZ.
   679 | D:1      | 679 ||| IDENTIFYING scroll labelled CEOWAK APLEZITALON
   680 | D:1      | 680 ||| READING scroll labelled NOALUZ ZUX LAF.
   685 | D:1      | 685 ||| DROPPING scroll of butterflies.
   686 | D:1      | 686 ||| DROPPING scroll of blinking.
   687 | D:1      | 687 ||| DROPPING scroll of vulnerability.
   719 | D:2      | 719 ||| STAIRDANCE
   723 | D:2      | 723 ||| STAIRDANCE
   731 | D:2      | 731 ||| STAIRDANCE
   784 | D:2      | Reached XP level 3. HP: 20/20 MP: 5/5
   803 | D:2      | Noticed Terence
   804 | D:2      | Noticed Natasha
   809 | D:2      | Killed Natasha
   809 | D:2      | HP: 4/20 [Terence/+0 mace (7)]
   810 | D:2      | Reached skill level 7 in Ranged Weapons
   811 | D:2      | Slain by Terence

Levels and vault maps discovered:
D:1:      dpeg_arrival_windows_large_door, layout_basic
D:2:      layout_rooms, chequers_ecumenical_altar_twisty, uniq_natasha,
          uniq_jessica, uniq_terence

Skill      XL: |  1  2  3 |
---------------+----------+-----
Ranged Weapons | 6 7 |  7.1
Fighting       | |  1.5
Dodging        | |  2.4
Stealth        | |  1.2

Action                     || total
---------------------------++-------
   Fire: Shortbow          ||    62
    Use: Scroll            ||     4
 Armour: Leather armour    ||    15
  Dodge: Dodged            ||     8

Table legend:
 A = Non-vault XP
 B = Vault XP
 C = Vault XP percentage of total XP
 D = Non-vault monster count
 E = Vault monster count
 F = Vault count percentage of total count
                 A         B        C        D         E       F
            +---------+---------+-------+---------+---------+-------
      Total |      42 |      35 |  45.5 |      26 |       1 |   3.7
            +---------+---------+-------+---------+---------+-------
        D:1 |      37 |       0 |   0.0 |      23 |       0 |   0.0
        D:2 |       5 |      35 |  87.5 |       3 |       1 |  25.0
            +---------+---------+-------+---------+---------+-------
